 Dungeon Crawl Stone Soup version 0.22.1-2-g9c5b331 (webtiles) character file.

372 errolflynn the Chopper (level 6, -2/55 HPs)
             Began as a Minotaur Berserker on Jan 4, 2019.
             Was a Priest of Trog.
             Slain by a worker ant (6 damage)
             ... on level 4 of the Dungeon.
             The game lasted 00:38:28 (2917 turns).

errolflynn the Chopper (Minotaur Berserker)         Turns: 2917, Time: 00:38:29

Health: -2/55      AC:  7    Str: 22    XL:     6   Next: 43%
Magic:  5/5        EV: 13    Int:  4    God:    Trog [***...]
Gold:   163        SH:  0    Dex: 11    Spells: 5/5 levels left

rFire    + . .     SeeInvis .   R - +0 trident (venom)
rCold    + + .     Gourm    .   (no shield)
rNeg     . . .     Faith    .   K - +2 leather armour {rC+}
rPois    .         Spirit   .   (helmet restricted)
rElec    .         Reflect  .   h - +0 cloak
rCorr    .         Harm     .   (no gloves)
MR       .....                  J - +0 pair of boots
Stlth    +.........             (no amulet)
HPRegen  0.18/turn              L - ring of protection from cold
MPRegen  0.09/turn              T - ring of protection from fire

@: lethally poisoned (-2 -> -8)
A: retaliatory headbutt, horns 2
a: Berserk, Trog's Hand, Renounce Religion


You were on level 4 of the Dungeon.
You worshipped Trog.
Trog was most pleased with you.
You were not hungry.

You visited 1 branch of the dungeon, and saw 4 of its levels.

You collected 163 gold pieces.

Inventory:

Hand Weapons
 a - a +0 hand axe
 y - a +0 spear
 N - a +0 flail
 O - a +0 short sword
 R - a +0 trident of venom (weapon)
 U - a +0 hand axe
 Y - a +0 dagger
Missiles
 d - 110 stones (quivered)
 i - 29 sling bullets
 n - 14 bolts
 H - 5 needles of paralysis
Armour
 b - a +0 animal skin
 g - a +0 ring mail
 h - a +0 cloak (worn)
 l - a +1 helmet
 q - a +0 leather armour
 s - a +0 leather armour
 t - a +0 robe
 w - a +0 scale mail
 z - a +0 animal skin
 A - a +0 helmet
 J - a +0 pair of boots (worn)
 K - a +2 leather armour of cold resistance (worn)
 P - a +0 leather armour
 Q - a +0 scale mail
 X - a +1 robe of positive energy
 Z - a +0 leather armour
Jewellery
 L - a ring of protection from cold (left hand)
 T - a ring of protection from fire (right hand)
Wands
 I - a wand of random effects (39)
Scrolls
 j - a scroll of noise {unknown}
 k - 2 scrolls of teleportation {unknown}
 m - 2 scrolls of identify
 o - 2 scrolls of remove curse {unknown}
 p - 2 scrolls of magic mapping {unknown}
 F - a scroll of enchant weapon {unknown}
Potions
 e - a potion of flight {unknown}
 f - a potion of magic {unknown}
 r - a potion of curing
 u - a potion of berserk rage
 M - a potion of haste
 S - a potion of mutation {unknown}
Comestibles
 c - 4 rations


   Skills:
 + Level 4.8 Fighting
 + Level 5.8(5.9) Axes
 + Level 1.6(4.0) Polearms
 + Level 4.2 Armour
 + Level 3.7 Dodging
 + Level 1.2 Stealth


You had 5 spell levels left.
You didn't know any spells.
Your spell library was empty.

Dungeon Overview and Level Annotations

Branches:
Dungeon (4/15)
 Temple: D:4-7

Altars:
Nemelex Xobeh
Vehumet
Yredelemnul


Innate Abilities, Weirdness & Mutations

You reflexively headbutt those who attack you in melee.
You have a pair of horns on your head.


Message History

You feel sick. The orc priest completely misses you.
The orc wizard casts a spell.
The orc wizard seems to speed up.
The worker ant bites you but does no damage.
You hit the orc wizard.
The orc wizard looks as sick as possible!
You headbutt the orc wizard, but do no damage.
The orc wizard is moderately wounded.
* * * LOW HITPOINT WARNING * * *
You feel sick.
The worker ant bites you but does no damage.
You hit the orc wizard.
The orc wizard looks as sick as possible!
The orc wizard is moderately wounded.
* * * LOW HITPOINT WARNING * * *
You feel sick. The worker ant closely misses you.
The orc wizard hits you but does no damage.
The orc priest calls upon Beogh to heal the orc wizard.
The orc wizard is healed somewhat.
The worker ant bites you.
You die...

#.. .#
###.####.#
#........##
#.!....#...
#####...#..#...
..............>
##..##.#
#.a....#...
#@o)).....#
#o#.#####.#
.oo#...†<..#
.....#########
......# .....[.
...##.. ##..
#..


You could see a worker ant, an orc priest, an orc wizard and 2 orcs.

Vanquished Creatures
  A scorpion (D:3)
  A hound (D:4)
  2 orc wizards
  An iguana (D:3)
  Robin (D:2)
  10 adders
  3 worms
  4 dart slugs
  3 leopard geckos
  11 orcs
  7 bats
  3 giant cockroaches
  9 goblins
  8 hobgoblins
  2 jackals (D:1)
  A kobold (D:3)
  2 ball pythons
  11 frilled lizards
  6 rats
86 creatures vanquished.

Vanquished Creatures (others)
  An orc priest (D:3)
  A leopard gecko (D:3)
  An orc (D:3)
  A hobgoblin (D:3)
4 creatures vanquished.

Grand Total: 90 creatures vanquished

Notes
Turn   | Place    | Note
-------+----------+-------------------------------------------
     0 | D:1      | errolflynn the Minotaur Berserker began the quest for the
                  | Orb.
     0 | D:1      | Reached XP level 1. HP: 19/19 MP: 0/0
   124 | D:1      | Reached XP level 2. HP: 19/27 MP: 1/1
   140 | D:1      | Reached skill level 4 in Axes
   723 | D:2      | Reached XP level 3. HP: 33/33 MP: 2/2
   791 | D:2      | Found a sparkling altar of Nemelex Xobeh.
   891 | D:2      | Found a basalt altar of Yredelemnul.
  1138 | D:2      | Reached ** piety under Trog
  1191 | D:2      | Reached XP level 4. HP: 40/41 MP: 3/3
  1196 | D:2      | Noticed Robin
  1219 | D:2      | Killed Robin
  1591 | D:3      | Found a radiant altar of Vehumet.
  1600 | D:3      | Reached skill level 5 in Axes
  1732 | D:3      | Reached XP level 5. HP: 47/47 MP: 4/4
  2104 | D:3      | Reached *** piety under Trog
  2108 | D:3      | Reached skill level 1 in Polearms
  2232 | D:3      | Reached XP level 6. HP: 16/53 MP: 5/5
  2347 | D:3      | Reached skill level 1 in Stealth
  2587 | D:3      | HP: 2/53 [something (6)]
  2917 | D:4      | Slain by a worker ant

Skill      XL: |  1  2  3  4  5  6 |
---------------+-------------------+-----
Axes           | 4 5 |  5.8
Fighting       | 4 |  4.8
Armour         | 3 4 |  4.2
Dodging        | 3 |  3.7
Polearms       | 1 |  1.6
Stealth        | 1 |  1.2

Action                   |  1- 3 |  4- 6 || total
-------------------------+-------+-------++-------
Melee: Hand axe          |    77 |    66 ||   143
       Headbutt          |    12 |    26 ||    38
       Trident           |       |    65 ||    65
  Use: Potion            |       |     3 ||     3
       Scroll            |       |     2 ||     2
 Stab: Sleeping          |       |     1 ||     1
  Eat: Ration            |       |     2 ||     2
Armor: Animal skin       |    12 |       ||    12
       Ring mail         |    15 |    28 ||    43
       Leather armour    |       |    26 ||    26
Dodge: Dodged            |    46 |    94 ||   140
